 Dungeon Crawl Stone Soup version 0.14-a0-759-g26e2352 (webtiles) character file.

291 PolkaDot the Vexing (level 5, -1/35 HPs)
             Began as a Vampire Enchanter on Nov 8, 2013.
             Slain by a worm (5 damage)
             ... on Level 3 of the Dungeon.
             The game lasted 00:07:16 (2367 turns).

PolkaDot the Vexing (Vampire Enchanter)             Turns: 2367, Time: 00:07:16

HP  -1/35        AC  5     Str  7      XL: 5   Next: 25%
MP   2/10        EV 12     Int 17      God:
Gold 122         SH  0     Dex 15      Spells:  3 memorised,  2 levels left

Res.Fire  : x . .   See Invis. : +   t - +3,+2 elf dagger (venom)
Res.Cold  : + . .   Warding    : .   b - +1 robe
Life Prot.: . . .   Conserve   : .   (no shield)
Res.Poison: .       Res.Corr.  : .   (no helmet)
Res.Elec. : .       Clarity    : .   (no cloak)
Sust.Abil.: . .     Spirit.Shd : .   e - +0 pair of gloves
Res.Mut.  : +       Stasis     : .   p - +0 pair of boots
Res.Rott. : .       Flight     : .   o - amulet of resist mutation {unknown}
Saprovore : . . .                    (no ring)
                                     v - ring of ice

@: regenerating quickly, slightly resistant to hostile enchantments, stealthy
A: fangs 3, see invisible, unbreathing
a: no special abilities


You were on level 3 of the Dungeon.
You were very full.

You visited 1 branch of the dungeon, and saw 3 of its levels.

You collected 122 gold pieces.

Inventory:

Hand weapons
 t - a +3,+2 elven dagger of venom (weapon)
Missiles
 d - 12 darts (quivered)
Armour
 b - a +1 robe (worn)
 e - a +0 pair of gloves (worn)
 l - a +0 buckler
 p - a +0 pair of boots (worn)
Scrolls
 a - a scroll of random uselessness {unknown}
 f - a scroll of curse jewellery {unknown}
 g - a scroll of amnesia {unknown}
 h - a scroll of fog {unknown}
 i - 2 scrolls of remove curse {unknown}
 j - 3 scrolls of recharging {unknown}
 k - a scroll of enchant armour {unknown}
 m - a scroll of magic mapping {unknown}
 n - 2 scrolls of teleportation {unknown}
 q - a scroll of curse weapon {unknown}
 r - 2 scrolls of fear {unknown}
 s - a scroll of identify {unknown}
Jewellery
 o - an amulet of resist mutation (around neck) {unknown}
 v - a ring of ice (left hand)
Books
 c - a book of Maledictions

   Spells                             Type                      Level
   *Corona                            Hexes                        1
   *Sure Blade                        Hexes/Charms                 2
   Ensorcelled Hibernation            Hexes/Ice                    2
   *Confuse                           Hexes                        3
   Enslavement                        Hexes                        4
   Invisibility                       Hexes                        6


   Skills:
 * Level 4.4 Short Blades
 - Level 0.7 Throwing
 - Level 2.1 Dodging
 + Level 3.6 Stealth
 - Level 2.0 Spellcasting
 * Level 5.3 Hexes


You had 2 spell levels left.
You knew the following spells:

 Your Spells              Type           Power        Failure   Level  Hunger
A - Corona                Hex            ###....      2%          1    #......
B - Sure Blade            Hex/Chrm       ##........   12%         2    ###....
C - Confuse               Hex            ###.....     10%         3    ####...


Dungeon Overview and Level Annotations

Branches:
Dungeon (3/27)

Altars:
Fedhas


Innate Abilities, Weirdness & Mutations

Your natural rate of healing is unusually fast.
You have razor-sharp teeth.*
You have supernaturally acute eyesight.
You can survive without breathing.*


Message History

Aiming: Confuse
Press: ? - help, Shift-Dir - straight line, f - quokka
Aim: a quokka (moderately wounded)
The quokka appears confused.
You hit the quokka.
You kill the quokka!
Your magical contamination has completely faded away.
Casting: Confuse
Confirm with . or Enter, or press ? or * to list all spells.
Aiming: Confuse
Press: ? - help, Shift-Dir - straight line, f - worm
Aim: a worm The worm appears confused.
You catch the helpless worm completely off-guard!
You slash the worm!
The worm is poisoned.
The worm is heavily wounded.
You hit the worm.
The worm looks even sicker.
The worm is severely wounded.
The worm bites you.
You die...

#####.#
#.#######..#
#.###.)........#
#.........####.#
. #.###...### .#
%# #.# ##.##
....## . #.####
.#... #..)[## ...
##.###.###)#
#.......@).#
..........w....#
###.#####.#######
## #.## ..# ###


You could see a worm (confused).

Vanquished Creatures
  2 orc priests (D:3)
  3 adders
  A worm (D:3)
  2 oozes
  3 orcs (D:3)
  6 bats
  8 giant cockroaches
  9 hobgoblins
  6 kobolds
  4 giant geckos
  5 giant newts
  8 goblins
  A quokka (D:3)
  8 rats
66 creatures vanquished.

Notes
Turn   | Place    | Note
--------------------------------------------------------------
     0 | D:1      | PolkaDot, the Vampire Enchanter, began the quest for the Orb.
     0 | D:1      | Reached XP level 1. HP: 13/13 MP: 4/4
   117 | D:1      | Reached XP level 2. HP: 1/19 MP: 5/5
  1032 | D:1      | Reached XP level 3. HP: 8/24 MP: 7/7
  1423 | D:2      | Learned a level 3 spell: Confuse
  1538 | D:2      | Found a blossoming altar of Fedhas.
  2047 | D:2      | Reached XP level 4. HP: 30/30 MP: 9/9
  2051 | D:2      | Learned a level 2 spell: Sure Blade
  2332 | D:3      | Reached skill level 5 in Hexes
  2357 | D:3      | Reached XP level 5. HP: 2/35 MP: 7/10
  2367 | D:3      | Slain by a worm

Action                   |  1- 3 |  4- 6 || total
-------------------------+-------+-------++-------
Melee: Dagger            |   237 |    72 ||   309
 Cast: Corona            |     2 |       ||     2
       Confuse           |       |     5 ||     5
       Sure Blade        |       |     1 ||     1
  Use: Potion            |     1 |     1 ||     2
 Stab: Sleeping          |     3 |     2 ||     5
       Confused          |       |     2 ||     2
